 Dungeon Crawl Stone Soup version 0.31-a0-236-g9a0961fb85 (webtiles) character file.

Game seed: 2179132726441926995

104 qw the Shooter (level 4, -3/26 HPs)
             Began as a Gargoyle Hexslinger on July 10, 2023.
             Slain by an ogre
             ... wielding a +0 giant club
              (11 damage)
             ... on level 3 of the Dungeon.
             The game lasted 00:00:42 (1130 turns).

qw the Shooter (Gargoyle Hexslinger)                Turns: 1130, Time: 00:00:43

Health: -3/26      AC:  7    Str: 11    XL:     4   Next: 80%
Magic:  5/5        EV: 11    Int: 14    God:
Gold:   248        SH:  0    Dex: 14    Spells: 4/5 levels left

rFire   . . .        Y - +1 sling
rCold   . . .        (no shield)
rNeg    + . .        d - +0 leather armour
rPois   inf          (no helmet)
rElec   +            (no cloak)
rCorr   .            e - +0 pair of gloves
SInv    .            (no boots)
Will    .....        (no amulet)
Stlth   +            (no ring)
HPRegen 0.24/turn    (no ring)
MPRegen 0.09/turn

%: no passive effects
@: no status effects
A: sickness immunity, AC +3, negative energy resistance 1, electricity
resistance, torment resistance 1, petrification resistance
a: no special abilities


You were on level 3 of the Dungeon.
You visited 1 branch of the dungeon, and saw 3 of its levels.

You collected 248 gold pieces.


Innate Abilities, Weirdness & Mutations

You are immune to sickness and miasma.
Your stone body is resilient. (AC +3)
You are immune to poison.
You resist negative energy. (rN+)
You are resistant to electric shocks. (rElec)
You are resistant to unholy torment.
You are immune to petrification.


   Skills:
 - Level 2.0 Fighting
 + Level 4.5 Ranged Weapons
 - Level 1.5 Dodging
 - Level 1.0 Spellcasting
 - Level 2.6 Hexes


You had 4 spell levels left.
You knew the following spells:

 Your Spells              Type           Power      Damage    Failure   Level
a - Slow                  Hex            32%        N/A       12%         1

Your spell library contained the following spells:

 Spells                   Type           Power      Damage    Failure   Level
 Inner Flame              Hex/Fire       4%         N/A       52%         3
 Portal Projectile        Hex/Tloc       8%         N/A       52%         3
 Cause Fear               Hex            4%         N/A       75%         4

Inventory:

Hand Weapons
 Y - a +1 sling (weapon)
Armour
 d - a +0 leather armour (worn)
 e - a +0 pair of gloves (worn)
Scrolls
 a - 3 scrolls of identify

Dungeon Overview and Level Annotations

Branches:
Dungeon (3/15)

Altars:
Ru


Message History

You feel less attractive to monsters.
You see here a ball python skeleton.
There is a stone staircase leading down here.
You climb downwards.
There is a stone staircase leading up here.
Waypoint 2 assigned to D:3.
Found an escape hatch in the floor.
Found 5 stones.
Found 7 stones.
You now have 234 gold pieces (gained 9).
You now have 248 gold pieces (gained 14).
Found a hand axe.
Found a stone staircase leading down.
You see here a +0 hand axe.
There is a stone staircase leading down here.
An ogre comes into view. It is wielding a +0 giant club.
The ogre shouts!
You shoot a sling bullet.
The sling bullet barely misses the ogre.
You shoot a sling bullet. The sling bullet hits the ogre.
The ogre is lightly wounded.
You shoot a sling bullet. The sling bullet hits the ogre!
The ogre is moderately wounded.
The ogre closely misses you.
You shoot a sling bullet.
The sling bullet barely misses the ogre.
The ogre closely misses you.
You shoot a sling bullet. The sling bullet hits the ogre.
The ogre is heavily wounded.
The ogre barely misses you.
You shoot a sling bullet. The sling bullet hits the ogre!
The ogre is severely wounded.
You shoot a sling bullet.
The sling bullet barely misses the ogre.
The ogre hits you with a +0 giant club!!
Ouch! That really hurt!
You shoot a sling bullet. The sling bullet hits the ogre.
The ogre is almost dead.
The ogre hits you with a +0 giant club!
You die...

..## ...# #..# #..# #
..# # #### #.# ..
...#######.#### #/#
##......##....####...###
######...).....@.......
#####...>.O.......
###### ###.##........
.....## #...........
......## ####........
.......# #..#.....
....(..# #..#.....
.......# #########
.......#


You could see an ogre.

Vanquished Creatures
  6 adders
  5 dart slugs
  5 endoplasms
  2 giant cockroaches (D:1)
  2 goblins
  A hobgoblin (D:1)
  2 jackals (D:1)
  3 quokkas
  3 ball pythons
  3 bats (D:1)
  A frilled lizard (D:1)
  4 kobolds
  8 rats (D:1)
45 creatures vanquished.

Notes
Turn   | Place    | Note
-------+----------+-------------------------------------------
     0 | D:1      | qw the Gargoyle Hexslinger began the quest for the Orb.
     0 | D:1      | Reached XP level 1. HP: 12/12 MP: 2/2
     0 | D:1      | 0 ||| qw: Version: 0.3-a-52-g30416fa
     0 | D:1      | 0 ||| qw: Game counter: 4526
     0 | D:1      | 0 ||| qw: Melee chars always use a shield: true
     0 | D:1      | 0 ||| qw: God list: Okawaru
     0 | D:1      | 0 ||| qw: Allow faded altars: false
     0 | D:1      | 0 ||| qw: Do Orc after clearing Dungeon:15 true
     0 | D:1      | 0 ||| qw: Do second Lair branch before Depths: true
     0 | D:1      | 0 ||| qw: Lair rune preference: random
     0 | D:1      | 0 ||| qw: Goals: Normal
     0 | D:1      | 0 ||| PLANNING D:1-11
    11 | D:1      | Noticed an imperial myrmidon
    11 | D:1      | Noticed a komodo dragon
    12 | D:1      | Noticed a frost giant
    68 | D:1      | Reached XP level 2. HP: 16/16 MP: 3/3
   135 | D:1      | Reached skill level 3 in Ranged Weapons
   224 | D:1      | Reached XP level 3. HP: 21/21 MP: 4/4
   491 | D:1      | 491 ||| READING 3 scrolls labelled VACLUSTR ROREI.
   492 | D:1      | 492 ||| READING scroll labelled PUHAXU FIWEIQUC.
   493 | D:1      | 493 ||| READING scroll labelled ZUALIE NINO.
   494 | D:1      | 494 ||| READING 2 scrolls of identify.
   494 | D:1      | 494 ||| IDENTIFYING fuming inky potion
   495 | D:1      | 495 ||| DROPPING scroll of poison.
   496 | D:1      | 496 ||| DROPPING potion of brilliance.
   516 | D:2      | 516 ||| STAIRDANCE
   645 | D:2      | Found a sacrificial altar of Ru.
   704 | D:2      | Reached skill level 4 in Ranged Weapons
   704 | D:2      | Reached XP level 4. HP: 26/26 MP: 5/5
   735 | D:2      | 735 ||| FLEEEEING.
  1007 | D:2      | 1007 ||| UPGRADING to +0 leather armour.
  1017 | D:2      | 1017 ||| DROPPING +0 robe.
  1018 | D:2      | 1018 ||| UPGRADING to +0 pair of gloves.
  1023 | D:2      | 1023 ||| READING scroll labelled TUAGUR BIWUC.
  1027 | D:2      | 1027 ||| DRINKING 2 bubbling coppery potions.
  1028 | D:2      | 1028 ||| DROPPING potion of attraction.
  1121 | D:3      | Noticed an ogre
  1130 | D:3      | Slain by an ogre

Levels and vault maps discovered:
D:1:      onia_arrival_zoo_common, layout_rooms, kennysheep_flooded_box,
          minmay_rat_gold_closets
D:2:      layout_rooms, basic_altar, minmay_distorted
D:3:      layout_rooms

Skill      XL: |  1  2  3 |
---------------+----------+-----
Ranged Weapons | 3 4 |  4.5
Fighting       | 2 |  2.0
Dodging        | |  1.5
Spellcasting   | |  1.0
Hexes          | |  2.6

Action                     |  1- 3 |  4- 6 || total
---------------------------+-------+-------++-------
   Fire: Sling             |   125 |    50 ||   175
    Use: Scroll            |     4 |     1 ||     5
         Potion            |       |     1 ||     1
 Armour: Robe              |    24 |     6 ||    30
  Dodge: Dodged            |    45 |    11 ||    56

Table legend:
 A = Non-vault XP
 B = Vault XP
 C = Vault XP percentage of total XP
 D = Non-vault monster count
 E = Vault monster count
 F = Vault count percentage of total count
                 A         B        C        D         E       F
            +---------+---------+-------+---------+---------+-------
      Total |     127 |      22 |  14.8 |      36 |       9 |  20.0
            +---------+---------+-------+---------+---------+-------
        D:1 |      52 |       6 |  10.3 |      24 |       6 |  20.0
        D:2 |      75 |      16 |  17.6 |      12 |       3 |  20.0
            +---------+---------+-------+---------+---------+-------
